 Dungeon Sprint DCSS version 0.27.0-1-g7a089689b8 (webtiles) character file.

Game seed: 3959775270622326053

6340 Sopht the Fencer (level 10, -2/102 (107) HPs)
             Began as a Minotaur Berserker on Aug 17, 2021.
             Was a High Priest of Trog.
             Killed from afar by a shadow dragon (29 damage)
             ... with a bolt of negative energy
             ... in the Dungeon (Sprint VII: "The Pits") on Aug 18, 2021.
             The game lasted 00:12:31 (1039 turns).

Sopht the Fencer (Minotaur Berserker)               Turns: 1039, Time: 00:12:31

HP:   -2/102 (107)  AC: 20    Str: 28    XL:     10   Next: 64%
MP:   4/9           EV: 15    Int:  4    God:    Trog [*****.]
Gold: 0             SH:  0    Dex: 10    Spells: 9/9 levels left

rFire    + . .     SeeInvis .   k - +2 scimitar (flame)
rCold    + . .     Faith    .   (no shield)
rNeg     . . .     Spirit   .   n - +4 chain mail
rPois    +         Reflect  .   (helmet restricted)
rElec    +         Harm     .   o - +0 cloak
rCorr    +         Rampage  .   (no gloves)
Will     ++...     NoTele   +   q - +0 pair of boots
Stlth    ..........             (no amulet)
HPRegen  1.27/turn              b - +3 ring of strength
MPRegen  0.11/turn              l - +3 ring of evasion

@: resistant, strong-willed, on berserk cooldown, regenerating, hasted and
slowed, lightly drained
A: horns 2, retaliatory headbutt
a: Renounce Religion, Berserk, Trog's Hand, Brothers in Arms


You were in the Dungeon.
You worshipped Trog.
Trog was extremely pleased with you.
You visited 1 branch

Inventory:

Hand Weapons
 a - a +0 falchion
 k - a +2 scimitar of flaming (weapon)
Armour
 n - a +4 chain mail (worn)
 o - a +0 cloak (worn)
 q - a +0 pair of boots (worn)
Jewellery
 b - a +3 ring of strength (left hand)
 l - a +3 ring of evasion (right hand)
Scrolls
 h - a scroll of blinking
Potions
 c - 4 potions of curing
 e - a potion of haste
 f - 4 potions of magic
 g - 4 potions of berserk rage
 i - 2 potions of invisibility


   Skills:
 + Level 15.9 Fighting
 + Level 17.8 Long Blades
 + Level 13.6 Armour
 + Level 10.0 Dodging
 + Level 3.4 Stealth


You had 9 spell levels left.
You didn't know any spells.
Your spell library was empty.

Dungeon Overview and Level Annotations

Branches:
Dungeon (1/1)

Altars:
Ashenzari
Cheibriados
Dithmenos
Elyvilon
Fedhas
Gozag
Hepliaklqana
Kikubaaqudgha
Makhleb
Nemelex Xobeh
Okawaru
Qazlal
Ru
Sif Muna
Trog
Uskayaw
Vehumet
Wu Jian
Xom
Yredelemnul
Zin
The Shining One
Beogh
Jiyva
Lugonu


Innate Abilities, Weirdness & Mutations

You have a pair of horns on your head.
You reflexively headbutt those who attack you in melee.


Message History

You hit the shadow dragon but do no damage.
The shadow dragon is heavily wounded.
The shadow dragon closely misses you. The shadow dragon claws you.
You slice the ynoxinul!! You burn the ynoxinul.
You kill the ynoxinul!
Trog accepts your kill.
The ufetubus disappears in a puff of smoke! x5
You feel sick. The naga mage spits poison at you.
The splash of poison misses you.
The shadow dragon breathes negative energy at you.
The bolt of negative energy misses you.
Your life force feels restored.
Your Dodging skill increases to level 10!
You hit the shadow dragon. You burn the shadow dragon.
The shadow dragon is heavily wounded.
You feel sick.
You slash the naga mage! You burn the naga mage. You headbutt the naga mage.
The naga mage is severely wounded.
Your extra speed is starting to run out.
You feel sick. The shadow dragon bites you.
You feel drained.
The shadow dragon claws you but does no damage.
The shadow dragon claws you.
You slice the naga mage!! You burn the naga mage.
You kill the naga mage!
Trog accepts your kill.
Trog appreciates your killing of a magic user.
You feel sick.
The shadow dragon breathes negative energy at you.
The bolt of negative energy hits you!!!
You feel drained.
Your life force feels restored.
You barely miss the shadow dragon.
The shadow dragon is heavily wounded.
You feel better. The shadow dragon barely misses you.
The shadow dragon claws you. The shadow dragon claws you!
* * * LOW HITPOINT WARNING * * *
The ice devil completely misses you.
The shadow dragon breathes negative energy at you.
The bolt of negative energy hits you!!
You feel drained.
You die...

######################
#.......4N...........+
#.....@.Dph..........+
#..#######†########..# #..# .#.#
#..# #..# s# #)# #..# #..# y#
#§# #..# #..# y# #.# #..# #..#
.# #.# #..#
#..################..#
###########....................#


You could see a shadow dragon (catching breath), a death knight, a hell hog, an
ice devil and a naga.

Vanquished Creatures
  A death cob (D)
  A great orb of eyes (D)
  2 hell hogs (D)
  A shadow wraith (D)
  A cyclops (D)
  A naga mage (D)
  A cane toad (D)
  A ynoxinul (D)
  A redback (D)
  2 floating eyes (D)
  A sky beast (D)
  3 killer bees (D)
  A hound (D)
  An orc priest (D)
  A gnoll shaman (D)
  An orc wizard (D)
  An iguana (D)
  6 gnolls (D)
  An adder (D)
  An ufetubus (D)
  2 orcs (D)
  A bat skeleton (D)
  An endoplasm (D)
  2 jackals (D)
  A frilled lizard (D)
  2 kobolds (D)
  2 rats (D)
40 creatures vanquished.

Vanquished Creatures (collateral kills)
  A ghost moth (D)
  A wolf spider (D)
  A redback (D)
3 creatures vanquished.

Vanquished Creatures (others)
  A lorocyproca (D)
1 creature vanquished.

Grand Total: 44 creatures vanquished

Notes
Turn   | Place    | Note
-------+----------+-------------------------------------------
     0 | D        | Sopht the Minotaur Berserker began the quest for the Orb.
     0 | D        | Reached XP level 1. HP: 19/19 MP: 0/0
    17 | D        | Reached skill level 4 in Long Blades
    17 | D        | Reached XP level 2. HP: 25/28 MP: 1/1
    53 | D        | Noticed a floating eye
    54 | D        | Paralysed by a floating eye for 4 turns
    60 | D        | Killed a floating eye
    60 | D        | Reached ** piety under Trog
    61 | D        | Reached skill level 7 in Long Blades
    61 | D        | Reached XP level 3. HP: 30/40 MP: 2/2
    61 | D        | Reached XP level 4. HP: 36/48 MP: 3/3
   286 | D        | Noticed a floating eye
   289 | D        | Paralysed by a floating eye for 4 turns
   294 | D        | Reached *** piety under Trog
   296 | D        | Killed a floating eye
   297 | D        | Reached skill level 9 in Long Blades
   297 | D        | Reached skill level 5 in Dodging
   297 | D        | Reached XP level 5. HP: 57/57 MP: 4/4
   428 | D        | Reached **** piety under Trog
   438 | D        | Reached skill level 10 in Fighting
   438 | D        | Reached XP level 6. HP: 66/66 MP: 5/5
   439 | D        | Reached skill level 10 in Long Blades
   448 | D        | Reached ***** piety under Trog
   454 | D        | Reached skill level 5 in Armour
   454 | D        | Reached skill level 1 in Stealth
   509 | D        | Noticed a sky beast
   511 | D        | Killed a sky beast
   512 | D        | Reached skill level 11 in Long Blades
   582 | D        | Noticed a cyclops
   587 | D        | Killed a cyclops
   588 | D        | Reached skill level 12 in Long Blades
   588 | D        | Reached XP level 7. HP: 77/77 MP: 6/6
   605 | D        | Received a gift from Trog
   631 | D        | Noticed a redback
   640 | D        | Killed a redback
   641 | D        | Reached skill level 13 in Long Blades
   641 | D        | Reached XP level 8. HP: 44/85 MP: 7/7
   655 | D        | Killed a shadow wraith
   656 | D        | Reached skill level 14 in Long Blades
   870 | D        | Found a bloodstained altar of Trog.
   870 | D        | Found a shimmering blue altar of Sif Muna.
   870 | D        | Found a viscous altar of Jiyva.
   870 | D        | Found a hazy altar of Hepliaklqana.
   870 | D        | Found an opulent altar of Gozag.
   871 | D        | Found a glowing golden altar of the Shining One.
   871 | D        | Found a glowing silver altar of Zin.
   871 | D        | Found a basalt altar of Yredelemnul.
   871 | D        | Found a shimmering altar of Xom.
   871 | D        | Found an ornate altar of the Wu Jian Council.
   871 | D        | Found a sacrificial altar of Ru.
   871 | D        | Found a stormy altar of Qazlal.
   871 | D        | Found an iron altar of Okawaru.
   871 | D        | Found a sparkling altar of Nemelex Xobeh.
   871 | D        | Found a burning altar of Makhleb.
   871 | D        | Found a blossoming altar of Fedhas.
   871 | D        | Found a white marble altar of Elyvilon.
   871 | D        | Found a shadowy altar of Dithmenos.
   871 | D        | Found a snail-covered altar of Cheibriados.
   874 | D        | Found a corrupted altar of Lugonu.
   874 | D        | Found a radiant altar of Vehumet.
   875 | D        | Found an ancient bone altar of Kikubaaqudgha.
   875 | D        | Found a hide-covered altar of Uskayaw.
   875 | D        | Found a broken altar of Ashenzari.
   981 | D        | Noticed an ice devil
   981 | D        | Noticed a great orb of eyes
   981 | D        | Noticed a death cob
   981 | D        | Noticed a rime drake
   981 | D        | Noticed a death knight
   981 | D        | Noticed a wolf spider
   985 | D        | Noticed a shadow dragon
   985 | D        | Killed a ghost moth
   986 | D        | Reached XP level 9. HP: 62/94 MP: 0/8
   988 | D        | Noticed a hell hog
   988 | D        | Killed a wolf spider
   989 | D        | Reached skill level 15 in Long Blades
   989 | D        | Reached skill level 10 in Armour
   992 | D        | Killed a lorocyproca
   996 | D        | Noticed a naga mage
   998 | D        | Noticed a cane toad
  1004 | D        | Killed a hell hog
  1005 | D        | Reached skill level 16 in Long Blades
  1005 | D        | Noticed a hell hog
  1006 | D        | Noticed a hell hog
  1010 | D        | Killed a death cob
  1011 | D        | Reached XP level 10. HP: 49/104 MP: 2/9
  1014 | D        | Killed a great orb of eyes
  1015 | D        | Reached skill level 15 in Fighting
  1015 | D        | Reached skill level 17 in Long Blades
  1016 | D        | Killed a cane toad
  1025 | D        | Killed a hell hog
  1034 | D        | Reached skill level 10 in Dodging
  1036 | D        | Killed a naga mage
  1039 | D        | Killed from afar by a shadow dragon

Illustrated notes

Levels and vault maps discovered:
D:        pitsprint [storerooms_1, entrance_room_1, metal_vault_4, armoury_2,
          mini_pit_1, grid_room_1, main_hall_1, silver_pit, the_coven_3,
          the_vestibule_1, steel_vault_1, golden_pit, hallway_of_sentries,
          crystal_vault_2, iron_vault_4, final_vault]

Skill      XL: |  1  2  3  4  5  6  7  8  9 10 |
---------------+-------------------------------+-----
Fighting       | 4 7 9 10 12 13 14 15 | 15.9
Long Blades    | 4 7 9 12 13 14 16 17 | 17.8
Armour         | 3 4 6 7 9 12 13 | 13.6
Dodging        | 4 5 7 8 9 10 | 10.0
Stealth        | 1 2 3 |  3.4

Action                   |  1- 3 |  4- 6 |  7- 9 | 10-12 || total
-------------------------+-------+-------+-------+-------++-------
Melee: Falchion          |     5 |    39 |    34 |       ||    78
       Headbutt          |     1 |     7 |     5 |     5 ||    18
       Scimitar          |       |       |     9 |    20 ||    29
Invok: Berserk           |     2 |     4 |     2 |       ||     8
       Trog's Hand       |       |     2 |     3 |     1 ||     6
       Brothers in Arms  |       |       |     5 |       ||     5
  Use: Potion            |       |     1 |     7 |     7 ||    15
       Scroll            |       |       |     1 |       ||     1
Armor: Animal skin       |     1 |     8 |       |       ||     9
       Chain mail        |       |    32 |    23 |    18 ||    73
Dodge: Dodged            |     8 |    28 |    25 |    30 ||    91
       Rpst.: Falchion   |     1 |     2 |     5 |       ||     8
       Scimitar          |       |       |     2 |     5 ||     7
